 Dungeon Crawl Stone Soup version 0.24-a0-581-gc0fa6600bf (webtiles) character file.

Game seed: 5171890580408815550

2974 Kavrick the Carver (level 10, -1/79 HPs)
             Began as a Formicid Fighter on Aug 23, 2019.
             Was a Believer of Okawaru.
             Slain by a two-headed ogre
             ... wielding a +0 giant spiked club
              (12 damage)
             ... on level 8 of the Dungeon.
             The game lasted 00:15:16 (6628 turns).

Kavrick the Carver (Formicid Fighter)               Turns: 6628, Time: 00:15:17

Health: -1/79      AC: 15    Str: 27    XL:     10   Next: 8%
Magic:  10/10      EV:  8    Int:  7    God:    Okawaru [**....]
Gold:   356        SH: 13    Dex: 11    Spells: 9/9 levels left

rFire    . . .     SeeInvis +   a - +1 long sword
rCold    . . .     Gourm    .   c - +0 shield
rNeg     + . .     Faith    .   n - +0 chain mail
rPois    +         Spirit   .   (helmet unavailable)
rElec    .         Reflect  +   B - +2 ratskin cloak {+Rats rPois rN+ Str-1 Int-1 Dex+1}
rCorr    +         Harm     .   g - +0 pair of gloves
MR       +....                  (no boots)
Stlth    ..........             s - +2 amulet of reflection
HPRegen  0.23/turn              i - +4 ring of strength
MPRegen  0.12/turn              r - ring of resist corrosion

@: no status effects
A: permanent stasis, dig shafts and tunnels, four strong arms, antennae 3
a: Dig, Shaft Self, Heroism, Renounce Religion, Evoke Ratskin


You were on level 8 of the Dungeon.
You worshipped Okawaru.
Okawaru was pleased with you.
You were not hungry.

You visited 2 branches of the dungeon, and saw 9 of its levels.

You collected 356 gold pieces.

Inventory:

Hand Weapons
 a - a +1 long sword (weapon)
Armour
 c - a +0 shield (worn)
 g - a +0 pair of gloves (worn)
 n - a +0 chain mail (worn)
 q - a +0 cloak
 B - the +2 ratskin cloak (worn) {+Rats rPois rN+ Str-1 Int-1 Dex+1}
   (You found it on level 6 of the Dungeon)

   It affects your strength (-1).
   It affects your intelligence (-1).
   It affects your dexterity (+1).
   It protects you from poison.
   It protects you from negative energy.
Jewellery
 i - a +4 ring of strength (left hand)
 r - a ring of resist corrosion (right hand)
 s - a +2 amulet of reflection (around neck)
 t - an uncursed amulet of regeneration
 v - an uncursed amulet of guardian spirit
 x - a +2 ring of intelligence
 A - an uncursed ring of see invisible
 D - an uncursed amulet of faith
Wands
 p - a wand of scattershot (5)
 y - a wand of clouds (6)
Scrolls
 b - a scroll of fear {unknown}
 e - a scroll of remove curse
 h - a scroll of identify
 j - a scroll of enchant weapon
 k - a scroll of amnesia
 l - 3 scrolls of magic mapping
 w - a scroll of silence {unknown}
 G - a scroll of enchant armour {unknown}
Potions
 d - a potion of might
 m - a potion of resistance
 o - a potion of agility
 u - a potion of lignification
 z - a potion of flight {unknown}
 C - 2 potions of ambrosia {unknown}
 E - 2 potions of magic {unknown}
Comestibles
 f - 11 rations
 F - 5 chunks of flesh


   Skills:
 + Level 7.4 Fighting
 * Level 8.6 Long Blades
 + Level 7.2 Armour
 + Level 8.0 Shields


You had 9 spell levels left.
You didn't know any spells.
Your spell library contained the following spells:

 Spells                   Type           Power        Failure   Level  Hunger
 Corona                   Hex            #......      96%         1    ##.....
 Ensorcelled Hibernation  Hex/Ice        #.....       99%         2    ###....
 Confuse                  Hex            #.......     100%        3    ####...
 Dazzling Spray           Conj/Hex       #.....       100%        3    ####...
 Tukima's Dance           Hex            #.......     100%        3    ####...


Dungeon Overview and Level Annotations

Branches:
Dungeon (8/15)             Temple (1/1) D:5
   Lair: D:8-11

Altars:
Cheibriados
Dithmenos
Elyvilon
Gozag
Hepliaklqana
Kikubaaqudgha
Okawaru
Ru
Uskayaw
Wu Jian
Xom

Annotations:
D:4 2 transporters, demivan's ghost, amateur FeBe
D:5 2 transporters, demivan's ghost, amateur HOMo
D:6 2 transporters, Grimm's ghost, novice CeFi


Innate Abilities, Weirdness & Mutations

You cannot be hasted, slowed, berserked, paralysed or teleported.
You can dig through walls and to a lower floor.
Your four strong arms can wield two-handed weapons with a shield.
You have a pair of large antennae on your head. (SInv)


Message History

The two-headed ogre is lightly wounded.
The two-headed ogre hits you with a +0 giant spiked club!
You block the two-headed ogre's attack.
You slash the two-headed ogre!
The two-headed ogre is moderately wounded.
The two-headed ogre hits you with a +0 giant spiked club!!
* * * LOW HITPOINT WARNING * * *
The two-headed ogre hits you with a +0 giant spiked club!
* * * LOW HITPOINT WARNING * * *
You slash the two-headed ogre!
The two-headed ogre is heavily wounded.
You feel better. The two-headed ogre barely misses you.
You riposte.
You slash the two-headed ogre!
The two-headed ogre is severely wounded.
The two-headed ogre barely misses you.
You slash the two-headed ogre!
The two-headed ogre is almost dead.
The two-headed ogre completely misses you.
The two-headed ogre hits you with a +0 giant spiked club!
You die...

##>..........................#
##...........##..#...$.......
########.#####..#...........
#.# #..# .......... #.## ##.##
.......... #..###..# .........
###.....o# ######
#.....##O##......
#.###.##@...# .# ##. #.<#..###
.## #.. ##.#..###.... #.#
#...#.......
#####.######....##...#
#....<..............#
#........###.###......
#............# ....##
#.........#### ####


You could see a two-headed ogre and an orc.

Vanquished Creatures
  Pikel (D:4)
  3 sky beasts
  An ice beast (D:5)
  3 phantoms
  6 ogres
  2 centaurs
  5 bullfrogs
  A howler monkey (D:5)
  3 crimson imps
  4 hounds
  A jelly (D:6)
  An orc priest (D:7)
  3 orc wizards
  Crazy Yiuf (D:2)
  An iguana (D:7)
  6 worker ants
  A hell rat (D:6)
  A hound zombie (D:5)
  6 adders
  6 gnolls
  6 river rats (D:6)
  An adder zombie (D:5)
  An adder skeleton (D:8)
  3 worms
  A dart slug (D:1)
  3 leopard geckos
  14 orcs
  7 giant cockroaches
  12 goblins
  6 hobgoblins
  2 jackals (D:7)
  A quokka (D:6)
  2 ball pythons
  2 bats (D:2)
  6 frilled lizards
  6 kobolds
  A leopard gecko zombie (D:4)
  A quokka skeleton (D:5)
  16 rats
147 creatures vanquished.

Vanquished Creatures (others)
  Menkaure (D:5)
  A slave (D:5)
  A centaur skeleton (D:5)
  10 plants
13 creatures vanquished.

Grand Total: 160 creatures vanquished

Notes
Turn   | Place    | Note
-------+----------+-------------------------------------------
     0 | D:1      | Kavrick the Formicid Fighter began the quest for the Orb.
     0 | D:1      | Reached XP level 1. HP: 18/18 MP: 1/1
    68 | D:1      | Reached XP level 2. HP: 19/24 MP: 2/2
   325 | D:1      | Reached XP level 3. HP: 29/29 MP: 3/3
   832 | D:2      | Reached XP level 4. HP: 33/37 MP: 4/4
  1316 | D:2      | Found a runed translucent door.
  1317 | D:2      | Noticed Crazy Yiuf
  1439 | D:2      | Killed Crazy Yiuf
  1560 | D:3      | Reached XP level 5. HP: 42/42 MP: 5/5
  1641 | D:3      | Found a hazy altar of Hepliaklqana.
  1644 | D:3      | Found a white marble altar of Elyvilon.
  1644 | D:3      | Found an ancient bone altar of Kikubaaqudgha.
  2013 | D:4      | Found a transporter.
  2013 | D:4      | Found a transporter.
  2013 | D:4      | Noticed demivan's ghost (amateur FeBe)
  2066 | D:4      | Found a shimmering altar of Xom.
  2193 | D:4      | Reached XP level 6. HP: 48/48 MP: 6/6
  2694 | D:5      | Entered Level 5 of the Dungeon
  2694 | D:5      | Noticed Menkaure
  2737 | D:5      | Found a shadowy altar of Dithmenos.
  2743 | D:5      | Reached skill level 5 in Shields
  2769 | D:5      | Found a snail-covered altar of Cheibriados.
  2770 | D:5      | Noticed a slave
  2770 | D:5      | Noticed a slave
  2770 | D:5      | Noticed a slave
  2771 | D:5      | Noticed Pikel
  2796 | D:5      | Noticed a slave
  2815 | D:4      | Killed Pikel
  2815 | D:4      | Reached skill level 5 in Fighting
  2815 | D:4      | Reached skill level 5 in Long Blades
  2815 | D:4      | Reached skill level 5 in Armour
  2815 | D:4      | Reached XP level 7. HP: 5/56 MP: 7/7
  2815 | D:4      | Reached XP level 8. HP: 6/62 MP: 8/8
  3127 | D:5      | Found a staircase to the Ecumenical Temple.
  3575 | D:5      | Killed Menkaure
  3605 | Temple   | Entered the Ecumenical Temple
  3632 | Temple   | Became a worshipper of Warmaster Okawaru
  3800 | D:5      | Found a snail-covered altar of Cheibriados.
  3807 | D:5      | Found an ornate altar of the Wu Jian Council.
  3807 | D:5      | Found a sacrificial altar of Ru.
  3855 | D:5      | Found a transporter.
  4207 | D:5      | Noticed demivan's ghost (amateur HOMo)
  4263 | D:5      | Found a transporter.
  4267 | D:5      | Identified the +1 buckler of Serendipity {rElec rF+ MR+
                  | Int+4}
  4823 | D:6      | Got a pitted mace
  4825 | D:6      | Identified the cursed +3 mace of Springtime {elec, *Corrode
                  | rN+ Int+9} (You found it on level 6 of the Dungeon)
  4849 | D:6      | Reached * piety under Okawaru
  4931 | D:6      | Reached XP level 9. HP: 69/69 MP: 9/9
  4971 | D:6      | Noticed Grimm's ghost (novice CeFi)
  5011 | D:6      | Found a transporter.
  5017 | D:6      | Found a transporter.
  5270 | D:6      | Found the +2 ratskin cloak {+Rats rPois rN+ Str-1 Int-1
                  | Dex+1}
  5700 | D:7      | Reached ** piety under Okawaru
  6471 | D:8      | Reached XP level 10. HP: 79/79 MP: 10/10
  6601 | D:8      | Noticed a two-headed ogre
  6628 | D:8      | Slain by a two-headed ogre

Levels and vault maps discovered:
D:1:      lemuel_arrival_cross, layout_loops_ring
D:2:      layout_basic, minmay_increasing_density, uniq_crazy_yiuf_cottage
D:3:      layout_basic, grunt_temple_overflow_open
D:4:      layout_rooms, gammafunk_ghost_arena, xom_teletrap_fun
D:5:      layout_loops_ring, old_standard_altar, minitemple,
          minmay_temple_entry_tees, basic_altar, first_ration,
          gammafunk_ghost_gnarly_gnolls, uniq_pikel, uniq_menkaure
D:6:      wander_guarded_unrand_ratskin, layout_gridville,
          gammafunk_ghost_gnarly_gnolls
D:7:      layout_basic, kennysheep_boxes
D:8:      layout_rooms
Temple:   regret_index_temple_waves

Skill      XL: |  1  2  3  4  5  6  7  8  9 10 |
---------------+-------------------------------+-----
Shields        | 4 5 6 7 8 |  8.0
Long Blades    | 3 5 6 8 |  8.6
Fighting       | 4 5 6 7 |  7.4
Armour         | 4 5 6 7 |  7.2

Action                   |  1- 3 |  4- 6 |  7- 9 | 10-12 || total
-------------------------+-------+-------+-------+-------++-------
Melee: Long sword        |   144 |   144 |   343 |    44 ||   675
  Use: Scroll            |       |     7 |     7 |       ||    14
       Potion            |       |     5 |       |     1 ||     6
  Eat: Chunk             |       |     7 |     8 |     1 ||    16
       Ration            |       |       |     1 |       ||     1
Armor: Scale mail        |    35 |       |       |       ||    35
       Chain mail        |    20 |    71 |   108 |    12 ||   211
Dodge: Dodged            |    43 |    28 |    67 |    12 ||   150
Block: Shield            |    78 |    65 |   194 |    24 ||   361
       Rpst.: Long sword |    13 |     9 |    26 |     5 ||    53

Table legend:
 A = Non-vault XP
 B = Vault XP
 C = Vault XP percentage of total XP
 D = Non-vault monster count
 E = Vault monster count
 F = Vault count percentage of total count
                 A         B        C        D         E       F
            +---------+---------+-------+---------+---------+-------
      Total |    3444 |     805 |  18.9 |     118 |      29 |  19.7
            +---------+---------+-------+---------+---------+-------
        D:1 |      45 |       0 |   0.0 |      27 |       0 |   0.0
        D:2 |      32 |      52 |  61.9 |       9 |       7 |  43.8
        D:3 |      70 |       0 |   0.0 |       4 |       0 |   0.0
        D:4 |     206 |     629 |  75.3 |       9 |       1 |  10.0
        D:5 |     615 |       0 |   0.0 |      18 |       0 |   0.0
        D:6 |    1125 |     124 |   9.9 |      21 |      21 |  50.0
        D:7 |     999 |       0 |   0.0 |      23 |       0 |   0.0
        D:8 |     352 |       0 |   0.0 |       7 |       0 |   0.0
            +---------+---------+-------+---------+---------+-------
